 Dungeon Crawl Stone Soup version 0.28.0-47-ge53b351184 (webtiles) character file.

Game seed: 14014640248516832231

118 101zpm the Magician (level 5, 0/35 HPs)
             Began as a Djinni Fire Elementalist on May 1, 2022.
             Slain by a hound (1 damage)
             ... on level 3 of the Dungeon.
             The game lasted 00:04:00 (2772 turns).

101zpm the Magician (Djinni Fire Elementalist)      Turns: 2772, Time: 00:04:00

Health: 0/35       AC:  2    Str:  7    XL:     5   Next: 23%
Gold:   33         EV: 12    Int: 18    God:
                   SH:  0    Dex: 14

rFire   + + .      SeeInvis .   (no weapon)
rCold   x . .      Faith    .   (no shield)
rNeg    . . .      Spirit   .   a - +0 robe
rPois   ∞          Reflect  .   (no helmet)
rElec   .          Harm     .   (no cloak)
rCorr   .          Rampage  .   (no gloves)
Will    .....                   (boots unavailable)
Stlth   ++........              (no amulet)
HPRegen 0.11/turn               (no ring)
MPRegen 0.00/turn               (no ring)

@: wereblooded, flying
A: sickness immunity, fire resistance 2, cold vulnerability 1, float, innate
caster, HP casting, extra vitality 1
a: no special abilities


You were on level 3 of the Dungeon.
You visited 1 branch of the dungeon, and saw 3 of its levels.

You collected 33 gold pieces.

Inventory:

Armour
 a - a +0 robe (worn)
Scrolls
 c - a scroll of enchant armour {unknown}
 d - a scroll of enchant weapon {unknown}
 e - a scroll of acquirement {unknown}
Potions
 b - a potion of curing {unknown}
 f - a potion of mutation {unknown}


   Skills:
 + Level 0.1 Fighting
 + Level 2.2 Dodging
 + Level 1.7 Stealth
 + Level 0.4 Unarmed Combat
 + Level 4.1 Spellcasting


You couldn't memorise any spells.
You knew the following spells:

 Your Spells              Type           Power      Damage    Failure   Level
a - Foxfire               Conj/Fire      72%        2x1d7     2%          1
b - Scorch                Fire           36%        2d7       4%          2
c - Conjure Flame         Conj/Fire      18%        6-21      8%          3
d - Inner Flame           Hex/Fire       18%        N/A       8%          3
e - Flame Wave            Conj/Fire      18%        2d6       26%         4
f - Sting                 Tmut/Pois      72%        1d6       2%          1
g - Wereblood             Tmut           18%        N/A       4%          2
Your spell library was empty.

Dungeon Overview and Level Annotations

Branches:
Dungeon (3/15)

Altars:


Innate Abilities, Weirdness & Mutations

You are immune to sickness and miasma.
You are immune to poison.
Your flesh is very heat resistant. (rF++)
You are vulnerable to cold. (rC-)
You float through the air rather than walking.
You learn spells naturally, not from books.
Your magical power is your life essence.
You have superior vitality. (+4 MHP)


Message History

Your blood is infused with primal strength.
The hound misses you. The hound bites you.
You hit the hound but do no damage.
The hound is moderately wounded.
The hound closely misses you. x2
You hit the hound.
The hound is moderately wounded.
The hound closely misses you.
You hit the hound.
The hound is heavily wounded.
The hound bites you but does no damage. The hound bites you.
* * * LOW HITPOINT WARNING * * *
You hit the hound.
The hound is severely wounded.
The hound bites you but does no damage.
You miss the hound.
The hound is severely wounded.
The hound closely misses you. x2
You closely miss the hound.
The hound is severely wounded.
The hound bites you.
* * * LOW HITPOINT WARNING * * *
You hit the hound but do no damage.
The hound is severely wounded.
The hound barely misses you. The hound bites you.
* * * LOW HITPOINT WARNING * * *
You barely miss the hound.
The hound is heavily wounded.
The hound bites you.
* * * LOW HITPOINT WARNING * * *
You hit the hound.
The hound is severely wounded.
The hound stops to sniff the ground.
The hound bites you.
* * * LOW HITPOINT WARNING * * *
The hound barely misses you.
You hit the hound.
The hound is almost dead.
The hound bites you.
You die...

#........'......:..'.............
#.#...)###.........#.##......###.
#....#.# ##.......##.###.##.## #.
#..###.# ##.....###..#####.# #.
#..###.# ##...## #..# ### #.
#......# ##'## ##.P#+#+# #.
##.##### #.# #...'...# ## #.#
#########.####..P#...#
#.###..........@hg...# ..#
#.##......##...####..# ##
#.##..###.#.....# #### #.##.)#
#.##...## #.##..# #.###.##
#.....###.# ### ####....<.#
########


You could see a hound and a gnoll.

Vanquished Creatures
  A hound (D:3)
  4 adders
  A worm (D:2)
  An orc (D:3)
  2 endoplasms (D:3)
  A giant cockroach (D:2)
  5 hobgoblins
  11 jackals (D:2)
  A quokka (D:2)
  3 ball pythons
  A bat (D:2)
  2 frilled lizards
  4 goblins
  5 kobolds
  2 rats
44 creatures vanquished.

Vanquished Creatures (collateral kills)
  2 foxfires (D:3)
2 creatures vanquished.

Vanquished Creatures (others)
  199 foxfires
199 creatures vanquished.

Grand Total: 245 creatures vanquished

Notes
Turn   | Place    | Note
-------+----------+-------------------------------------------
     0 | D:1      | 101zpm the Djinni Fire Elementalist began the quest for the
                  | Orb.
     0 | D:1      | Reached XP level 1. HP: 15/15 MP: 0/0
     4 | D:1      | You are sucked into a shaft and drop 1 floor!
   233 | D:2      | Reached XP level 2. HP: 14/21 MP: 0/0
   235 | D:2      | Reached skill level 3 in Spellcasting
   524 | D:2      | Reached XP level 3. HP: 21/25 MP: 0/0
   524 | D:2      | Learned a level 1 spell: Sting
  1515 | D:2      | Found a faded altar of an unknown god.
  1614 | D:2      | Reached XP level 4. HP: 25/31 MP: 0/0
  2760 | D:3      | Reached skill level 4 in Spellcasting
  2760 | D:3      | Reached XP level 5. HP: 16/35 MP: 0/0
  2760 | D:3      | Learned a level 2 spell: Wereblood
  2770 | D:3      | HP: 1/35 [hound (4)]
  2772 | D:3      | Slain by a hound

Illustrated notes

Levels and vault maps discovered:
D:1:      minmay_arrival_four_loops, layout_basic, st_stairs_9
D:2:      layout_loops_ring, nicolae_ecumenical_lake_church,
          kennysheep_big_empty_room, grunt_ministairs_11
D:3:      layout_loops_corners, cheibrodos_gnoll_hut

Skill      XL: |  1  2  3  4 |
---------------+-------------+-----
Spellcasting   | 3 4 |  4.1
Fighting       | |  0.1
Dodging        | |  2.2
Stealth        | |  1.7
Unarmed Combat | |  0.4

Action                   |  1- 3 |  4- 6 || total
-------------------------+-------+-------++-------
Melee: Unarmed           |     6 |    10 ||    16
 Cast: Foxfire           |    76 |    59 ||   135
       Scorch            |     7 |     6 ||    13
       Wereblood         |       |     1 ||     1
Armor: Robe              |     1 |     3 ||     4
Dodge: Dodged            |    10 |    13 ||    23
